Map: Prion Terraces

Players

IIIIIIIIIIII

  • Race: Zerg Zerg
  • League: Diamond

Wellmet - Winner!

  • Race: Terran Terran
  • League: Master

VOD

Have the link to the VOD?

Description

Time

  • Played on: Nov. 15, 2015, 4:37 a.m.
  • Length: 10:25
Show
View Real Time Build Order
Export as new Build Order

IIIIIIIIIIII Zerg 

Build Orders: Hatch First 

Get SALT Encoding   

  12  0:01  Drone  
  13  0:13  Overlord  
  13  0:18  Drone  
  14  0:33  Drone x2  
  16  0:36  Drone  
  17  0:55  Hatchery  
  16  0:58  Drone  
  16  1:02  Drone  
  18  1:17  Spawning Pool  
  17  1:21  Drone  
  18  1:25  Drone  
  18  1:26  Extractor  
  18  1:31  Overlord  
  18  1:42  Drone  
  19  2:06  Queen  
  19  2:08  Zergling x6  
  24  2:09  Queen  
  24  2:12  Zergling x2  
  27  2:18  Drone  
  28  2:26  Drone  
  29  2:31  Metabolic Boost  
  29  2:42  Drone x2  
  31  2:44  Queen  
  31  2:48  Drone x2  
  35  2:53  Drone  
  36  3:03  Overlord  
  36  3:06  Overlord  
  36  3:21  Drone x4  
  36  3:22  Drone x4  
  44  3:28  Drone  
  44  3:39  Overlord  
  44  3:43  Queen  
  44  3:44  Extractor  
  44  3:45  Hatchery  
  44  3:51  Overlord  
  44  3:52  Drone x2  
  44  3:53  Drone  
  47  4:09  Drone x2  
  50  4:10  Drone x3  
  50  4:11  Spine Crawler  
  50  4:16  Drone x3  
  50  4:17  Extractor  
  53  4:18  Evolution Chamber  
  53  4:20  Zergling x2  
  53  4:23  Lair  
  53  4:25  Queen  
  54  4:31  Spore Crawler  
  54  4:34  Spore Crawler  
  52  4:40  Baneling Nest  
  52  4:42  Spore Crawler  
  50  4:47  Extractor  
  50  4:49  Zergling x8  
  50  4:50  Zergling x4  
  55  5:02  Drone x3  
  55  5:03  Drone x3  
  55  5:06  Zergling x4  
  63  5:07  Zergling x2  
  64  5:14  Overlord  
  64  5:19  Drone  
  64  5:20  Drone x3  
  68  5:26  Baneling  
  68  5:27  Baneling x7  
  68  5:35  Evolution Chamber, Zerg Ground Armor Level 1  
  54  5:44  Zergling x4  
  54  5:45  Zergling x2  
  54  5:47  Queen  
  58  5:53  Drone x3  
  58  5:54  Drone  
  62  6:00  Drone x3  
  62  6:01  Drone x2  
  67  6:09  Overlord  
  67  6:13  Queen  
  67  6:16  Zergling x6  
  71  6:25  Spore Crawler  
  71  6:28  Drone x5  
  64  6:41  Queen  
  64  6:49  Zerg Missile Weapons Level 1  
  64  6:54  Spore Crawler  
  64  7:00  Zergling x20  
  73  7:13  Zergling x2  
  73  7:14  Centrifical Hooks, Zergling x10  
  78  7:18  Zergling x4  
  78  7:19  Zergling x4  
  82  7:36  Baneling x13  
  82  7:37  Baneling x17  
  82  7:41  Zergling x4  
  82  7:42  Zergling x2  
  85  7:49  Zergling x6  
  85  7:50  Zergling x2  
  89  7:51  Overlord  
  81  7:59  Drone  
  81  8:00  Drone x2  
  81  8:01  Overlord  
  81  8:09  Overlord  
  81  8:16  Drone x7  
  81  8:17  Drone  
  89  8:26  Extractor  
  88  8:28  Drone x2, Infestation Pit, Extractor  
  88  8:29  Drone  
  88  8:30  Drone  
  88  8:31  Drone  
  91  8:35  Drone x2  
  91  8:36  Drone  
  94  8:48  Drone, Spire  
  94  8:53  Hatchery  
  93  9:00  Overlord  
  93  9:01  Overlord  
  93  9:07  Overseer  
  93  9:10  Overlord  
  93  9:40  Drone x3  
  93  9:41  Drone x8  
  104  9:47  Zergling x20  
  104  9:48  Zergling x6  
  104  9:51  Baneling x3  
  104  9:52  Baneling x5  
  117  9:53  Baneling  
  117  10:03  Overseer  
  123  10:07  Overlord  
Show
View Real Time Build Order
Export as new Build Order

Wellmet Terran - Winner!

Build Orders: Liberator Opening, Reaper Expand 

Get SALT Encoding   

  12  0:01  SCV  
  13  0:13  SCV  
  14  0:17  Supply Depot  
  14  0:25  SCV  
  15  0:39  SCV  
  15  0:41  Barracks  
  16  0:47  Refinery  
  16  0:51  SCV  
  17  1:03  SCV  
  18  1:15  SCV  
  19  1:28  Orbital Command  
  19  1:30  Reaper  
  20  1:41  Command Center  
  20  1:50  Supply Depot  
  20  1:54  SCV  
  21  2:00  Refinery  
  21  2:06  SCV  
  21  2:07  Barracks Reactor  
  22  2:19  SCV  
  23  2:25  Factory  
  23  2:31  SCV  
  24  2:43  SCV  
  25  2:44  Marine x2  
  27  2:56  Orbital Command  
  27  3:06  SCV  
  28  3:14  Barracks Reactor, Starport  
  28  3:18  SCV  
  29  3:21  Hellion x2, Refinery  
  29  3:22  SCV  
  34  3:30  SCV  
  35  3:34  SCV  
  35  3:40  Liberator  
  36  3:42  SCV, Hellion  
  36  3:43  Hellion  
  36  3:46  Supply Depot, SCV  
  42  3:51  Liberator  
  42  3:54  SCV  
  43  3:58  Barracks Tech Lab  
  46  4:08  Supply Depot, SCV x2  
  46  4:09  Hellion  
  53  4:18  Supply Depot  
  53  4:20  Stimpack  
  53  4:21  Marine  
  54  4:27  Liberator  
  54  4:29  SCV x2  
  58  4:34  Liberator  
  56  4:41  SCV x2, Barracks  
  56  4:42  Barracks  
  56  4:43  Factory Reactor  
  64  4:54  SCV  
  64  4:57  Marauder  
  67  5:02  Bunker  
  67  5:03  SCV  
  67  5:05  Supply Depot  
  67  5:06  SCV  
  69  5:15  SCV  
  70  5:22  Liberator  
  70  5:23  Liberator  
  70  5:26  Supply Depot, SCV  
  71  5:32  SCV  
  78  5:44  Factory Tech Lab  
  78  5:45  Supply Depot  
  78  5:47  SCV, Marine x4  
  78  5:49  Command Center  
  80  5:58  SCV  
  81  6:05  Marine  
  81  6:06  Siege Tank  
  81  6:09  Supply Depot, Refinery  
  85  6:14  Engineering Bay x2  
  85  6:15  SCV x2  
  85  6:16  Marine x3  
  88  6:28  Marine x2  
  88  6:37  SCV, Marine  
  88  6:38  Marine  
  88  6:39  Siege Tank  
  85  6:40  Terran Infantry Weapons Level 1  
  85  6:41  Terran Infantry Armor Level 1  
  85  6:44  Barracks, Medivac  
  87  6:47  SCV  
  87  6:49  SCV, Barracks  
  87  6:51  Marine  
  87  6:52  Supply Depot  
  90  6:57  Marine x2  
  90  6:59  SCV  
  93  7:03  Orbital Command  
  93  7:04  Marine  
  94  7:09  Marine  
  94  7:10  Marine  
  94  7:11  SCV, Siege Tank  
  94  7:15  Medivac x2, Marine x2  
  105  7:22  Marine  
  107  7:27  Marine x2  
  109  7:31  Armory  
  109  7:36  Marine x2  
  111  7:42  Orbital Command  
  111  7:43  Siege Tank  
  114  7:47  Marine x3  
  114  7:48  Barracks Reactor  
  117  7:53  Liberator  
  109  7:59  SCV x2  
  111  8:08  SCV, Barracks Reactor  
  111  8:09  Marine x3  
  111  8:11  SCV  
  111  8:12  SCV  
  120  8:15  Marine  
  120  8:17  Supply Depot  
  120  8:18  Supply Depot  
  121  8:21  SCV, Barracks  
  121  8:22  Liberator  
  121  8:23  SCV  
  121  8:24  Barracks  
  123  8:27  Marauder  
  123  8:30  Command Center  
  125  8:39  Marine x2  
  130  8:43  SCV, Supply Depot  
  130  8:45  Supply Depot  
  130  8:46  Marine x4  
  130  8:47  Refinery  
  135  8:51  Siege Tank  
  135  8:53  Marine x2  
  135  8:55  Marine  
  141  8:58  Refinery  
  141  9:05  Marine x2  
  141  9:08  Supply Depot  
  143  9:10  Supply Depot, Marine x2  
  143  9:13  SCV  
  143  9:14  SCV  
  147  9:17  Barracks Tech Lab  
  147  9:18  Barracks Reactor  
  147  9:20  Marine, Liberator  
  147  9:21  Marauder, Marine x3  
  153  9:28  Marine x2  
  155  9:35  Marine x2  
  155  9:36  Siege Tank  
  163  9:43  Marine x3, Marauder  
  163  9:44  Marine  
  169  9:49  Command Center  
  169  9:51  Missile Turret  
  169  9:53  Missile Turret  
  169  9:55  Missile Turret  
  169  9:57  Marine x2  
Tags
 
Add a new tag
Caveats
  • Supply blocks, unpowered buildings, or Contaminate may cause inaccurate times.
  • Supply counts are checked every 10 seconds.